[Event "German Bundesliga 2021-22"]
[Site "Germany"]
[Date "2022.03.05"]
[Round "1.15"]
[White "Dimitrijeski, Kristian"]
[Black "Froewis, Georg"]
[Result "1/2-1/2"]
[ECO "C00"]
[WhiteElo "2137"]
[BlackElo "2449"]
[Annotator "NA"]
[PlyCount "90"]
[EventDate "2022.03.05"]
[EventType "team-tourn"]
[EventCountry "GER"]
[SourceTitle "playchess.com"]
[Source "ChessBase"]
[SourceQuality "1"]
[TimeControl "40/5400+30:1800+30"]

1. e4 e6 2. d3 d5 3. Nd2 Nf6 4. Ngf3 Be7 5. g3 O-O 6. Bg2 c5 7. O-O Nc6 8. Re1 h6 9. e5 Nh7 10. Nf1 Qc7 11. h4 b5 12. N1h2 Rd8 13. Bf4 Bb7 14. h5 a5 15. Ng4 Bf8 16. Qd2 a4 17. a3 b4 18. Ngh2 d4 19. Qe2 c4 20. dxc4 bxa3 21. bxa3 Na5 22. Nd2 Bxg2 23. Kxg2 Rac8 24. Nhf3 Nxc4 25. Nxc4 Qxc4 26. Qxc4 Rxc4 27. Red1 Ng5 28. Nxg5 hxg5 29. Bxg5 Rd5 30. Bf4 Rxc2 31. Rd3 Rc3 32. Rad1 f6 33. Rxd4 fxe5 34. Rxd5 exd5 35. Bxe5 Rxa3 36. Rxd5 Rb3 37. Ra5 a3 38. Ra7 Rd3 39. g4 Rd2 40. g5 Rxf2+ 41. Kxf2 Bc5+ 42. Ke2 Bxa7 43. Kd3 Bc5 44. Kc2 Be7 45. Kb3 Bxg5 1/2-1/2

[Event "German Bundesliga 2021-22"]
[Site "Germany"]
[Date "2022.03.05"]
[Round "1.16"]
[White "Naumann, Alexander"]
[Black "Richter, Philipp"]
[Result "1-0"]
[ECO "A35"]
[WhiteElo "2514"]
[BlackElo "2225"]
[Annotator "ChessBase"]
[PlyCount "79"]
[EventDate "2022.03.05"]
[EventType "team-tourn"]
[EventCountry "GER"]
[SourceTitle "playchess.com"]
[Source "ChessBase"]
[SourceQuality "1"]
[TimeControl "40/5400+30:1800+30"]

1. c4 c5 2. Nf3 Nf6 3. Nc3 Nc6 4. e3 e6 5. d4 cxd4 6. exd4 d5 7. Bg5 Be7 8. c5 Ne4 9. Bxe7 Qxe7 10. Qc2 Nxc3 11. Qxc3 e5 12. dxe5 O-O 13. O-O-O Be6 14. Bb5 Rfc8 15. Kb1 b6 16. Bxc6 Rxc6 17. Nd4 Rxc5 18. Qe3 Qd7 19. Qd3 Rac8 20. f4 g6 21. h3 f6 22. exf6 Rf8 23. g4 Rxf6 24. Rhe1 Qf7 25. Re5 Bd7 26. Rde1 Rxf4 27. Re7 Re4 28. R1xe4 dxe4 29. Rxf7 exd3 30. Rxd7 Re5 31. Kc1 Re3 32. Kd2 Rxh3 33. Ne6 h5 34. Rd8+ Kf7 35. Ng5+ Ke7 36. Nxh3 Kxd8 37. g5 Kd7 38. Kxd3 Ke6 39. Ke4 a6 40. Nf4+ 1-0

[Event "German Bundesliga 2021-22"]
[Site "Germany"]
[Date "2022.03.05"]
[Round "1.16"]
[White "Rogozenco, Dorian"]
[Black "Harff, Marcel"]
[Result "1/2-1/2"]
[ECO "D51"]
[WhiteElo "2439"]
[BlackElo "2367"]
[Annotator "NA"]
[PlyCount "60"]
[EventDate "2022.03.05"]
[EventType "team-tourn"]
[EventCountry "GER"]
[SourceTitle "playchess.com"]
[Source "ChessBase"]
[SourceQuality "1"]
[TimeControl "40/5400+30:1800+30"]

1. Nf3 d5 2. d4 Nf6 3. c4 e6 4. Nc3 c6 5. Bg5 Nbd7 6. e3 h6 7. Bh4 g5 8. Bg3 Nh5 9. Be5 Nxe5 10. dxe5 Ng7 11. h3 Bb4 12. Qc2 Qa5 13. Bd3 b6 14. Rc1 dxc4 15. Bxc4 Bxc3+ 16. Qxc3 Qxc3+ 17. Rxc3 Bb7 18. O-O Nf5 19. b4 a5 20. bxa5 Rxa5 21. Rb1 b5 22. e4 Ne7 23. Bb3 b4 24. Rc4 c5 25. Rbc1 O-O 26. Rxc5 Rxc5 27. Rxc5 Bxe4 28. Nd2 Bd5 29. Rb5 Rd8 30. Nc4 Nc6 1/2-1/2

[Event "German Bundesliga 2021-22"]
[Site "Germany"]
[Date "2022.03.05"]
[Round "1.16"]
[White "Hoenig, Alexander"]
[Black "Koellner, Ruben Gideon"]
[Result "0-1"]
[ECO "A06"]
[WhiteElo "2209"]
[BlackElo "2441"]
[Annotator "NA"]
[PlyCount "102"]
[EventDate "2022.03.05"]
[EventType "team-tourn"]
[EventCountry "GER"]
[SourceTitle "playchess.com"]
[Source "ChessBase"]
[SourceQuality "1"]
[TimeControl "40/5400+30:1800+30"]

1. Nf3 d5 2. d4 e6 3. Bf4 c5 4. c3 Bd6 5. Bxd6 Qxd6 6. e3 Nc6 7. Nbd2 Nf6 8. a3 e5 9. dxe5 Nxe5 10. Nxe5 Qxe5 11. Bb5+ Kf8 12. Nf3 Qc7 13. Be2 g6 14. O-O Be6 15. Qc2 Bf5 16. Qc1 Re8 17. Re1 c4 18. Rd1 Kg7 19. Rd4 h5 20. h4 Ng4 21. Rf4 Qxf4 22. exf4 Rxe2 23. Nd4 Rxf2 24. Nxf5+ gxf5 25. Qe1 Rh6 26. Rd1 Re6 27. Qxf2 Nxf2 28. Kxf2 Rb6 29. Rd2 Kf6 30. Ke3 Ke6 31. Kd4 f6 32. Re2+ Kd6 33. g3 Rb5 34. a4 Rb6 35. Re8 Rxb2 36. Rd8+ Kc6 37. Rc8+ Kd7 38. Rh8 Rd2+ 39. Kc5 b6+ 40. Kb5 Rb2+ 41. Ka6 d4 42. cxd4 c3 43. Kb7 c2 44. Rc8 Kd6 45. Kxa7 Kd5 46. Ka6 Kxd4 47. a5 bxa5 48. Kxa5 Kd3 49. Rd8+ Kc3 50. Rc8+ Kb3 51. Rb8+ Ka2 0-1

[Event "German Bundesliga 2021-22"]
[Site "Germany"]
[Date "2022.03.05"]
[Round "1.16"]
[White "Ciolek, Andreas"]
[Black "Acikel, Mert"]
[Result "1-0"]
[ECO "E09"]
[WhiteElo "2194"]
[BlackElo "2177"]
[Annotator "NA"]
[PlyCount "85"]
[EventDate "2022.03.05"]
[EventType "team-tourn"]
[EventCountry "GER"]
[SourceTitle "playchess.com"]
[Source "ChessBase"]
[SourceQuality "1"]
[TimeControl "40/5400+30:1800+30"]

1. d4 d5 2. Nf3 Nf6 3. g3 e6 4. Bg2 Be7 5. O-O O-O 6. c4 c6 7. Qc2 Nbd7 8. Nbd2 b6 9. e4 Bb7 10. e5 Ne8 11. cxd5 cxd5 12. Re1 Rc8 13. Qd1 Qc7 14. Nb1 b5 15. a3 a5 16. Bf1 b4 17. Bd3 h6 18. Bf4 Nb6 19. axb4 axb4 20. b3 Qd8 21. h4 Ra8 22. Nbd2 Nc7 23. Qe2 Ra3 24. Rac1 Ba6 25. Bxa6 Nxa6 26. Qb5 Na8 27. Rc2 N8c7 28. Qd3 Qd7 29. g4 Nb5 30. h5 f5 31. exf6 Bxf6 32. Be5 Nc3 33. Nb1 Nxb1 34. Rxb1 Qf7 35. Kg2 Nb8 36. Rbc1 Nd7 37. Bxf6 Qxf6 38. Rc7 Qf4 39. Rxd7 Qxg4+ 40. Kf1 Qxf3 41. Rxg7+ Kxg7 42. Rc7+ Rf7 43. Qxf3 1-0

[Event "German Bundesliga 2021-22"]
[Site "Germany"]
[Date "2022.03.06"]
[Round "2.2"]
[White "Rabiega, Robert"]
[Black "Bogner, Sebastian"]
[Result "1/2-1/2"]
[ECO "B06"]
[WhiteElo "2505"]
[BlackElo "2573"]
[Annotator "ChessBase"]
[PlyCount "64"]
[EventDate "2022.03.05"]
[EventType "team-tourn"]
[EventCountry "GER"]
[SourceTitle "playchess.com"]
[Source "ChessBase"]
[SourceQuality "1"]
[TimeControl "40/5400+30:1800+30"]

1. e4 c5 2. c3 d5 3. exd5 Qxd5 4. d4 g6 5. Nf3 Bg7 6. Na3 cxd4 7. Nb5 Na6 8. Nbxd4 Nf6 9. Bb5+ Bd7 10. Bxa6 bxa6 11. O-O O-O 12. Re1 Rfe8 13. Ne5 Rad8 14. Nxd7 Nxd7 15. Qe2 Nc5 16. Be3 e5 17. Nc2 Nd3 18. Nb4 Nxb4 19. cxb4 Qb5 20. Bxa7 Qxb4 21. Rad1 a5 22. b3 a4 23. bxa4 Ra8 24. Be3 Qxa4 25. Rd2 Red8 26. Red1 Rxd2 27. Rxd2 e4 28. g3 Bf6 29. Rd6 Be5 30. Rd5 Bf6 31. Rd6 Be5 32. Rd5 Bf6 1/2-1/2

[Event "German Bundesliga 2021-22"]
[Site "Germany"]
[Date "2022.03.06"]
[Round "2.3"]
[White "Alonso Rosell, Alvar"]
[Black "Richter, Michael"]
[Result "1/2-1/2"]
[ECO "D22"]
[WhiteElo "2570"]
[BlackElo "2496"]
[Annotator "ChessBase"]
[PlyCount "103"]
[EventDate "2022.03.05"]
[EventType "team-tourn"]
[EventCountry "GER"]
[SourceTitle "playchess.com"]
[Source "ChessBase"]
[SourceQuality "1"]
[TimeControl "40/5400+30:1800+30"]

1. d4 d5 2. c4 dxc4 3. Nf3 a6 4. e3 b5 5. a4 Bb7 6. b3 e6 7. bxc4 bxc4 8. Bxc4 Nf6 9. Nbd2 c5 10. O-O Nbd7 11. Ba3 Be7 12. Be2 cxd4 13. Bxe7 Qxe7 14. Nxd4 O-O 15. Bf3 Nd5 16. Qb3 Rab8 17. Rab1 Ba8 18. Qc4 a5 19. Qa6 Rxb1 20. Rxb1 Nc3 21. Ra1 Bxf3 22. N2xf3 Qb4 23. Nc6 Qb2 24. Rf1 Nxa4 25. Qxa5 Nac5 26. Qc7 h6 27. h3 Qb6 28. Qxb6 Nxb6 29. Rc1 Ncd7 30. Nfd4 Kh7 31. Nb5 Ra8 32. Nd6 f6 33. Nd4 e5 34. N4b5 h5 35. g4 hxg4 36. hxg4 Ra4 37. e4 Rb4 38. Nc7 Nf8 39. f3 Rb2 40. Nf5 g6 41. Ne3 Kh6 42. Rc2 Rxc2 43. Nxc2 Nc4 44. Kf2 f5 45. gxf5 gxf5 46. exf5 Kg5 47. Ne6+ Nxe6 48. fxe6 Kf6 49. Ne3 Nxe3 50. Kxe3 Kxe6 51. f4 exf4+ 52. Kxf4 1/2-1/2

[Event "German Bundesliga 2021-22"]
[Site "Germany"]
[Date "2022.03.06"]
[Round "2.4"]
[White "Bruedigam, Martin"]
[Black "Georgiadis, Nico"]
[Result "0-1"]
[ECO "B51"]
[WhiteElo "2386"]
[BlackElo "2562"]
[Annotator "ChessBase"]
[PlyCount "134"]
[EventDate "2022.03.05"]
[EventType "team-tourn"]
[EventCountry "GER"]
[SourceTitle "playchess.com"]
[Source "ChessBase"]
[SourceQuality "1"]
[TimeControl "40/5400+30:1800+30"]

1. e4 c5 2. Nf3 d6 3. Bb5+ Nd7 4. d4 cxd4 5. Qxd4 a6 6. Bxd7+ Bxd7 7. O-O Rc8 8. c4 Bg4 9. Qd3 Bxf3 10. Qxf3 Rxc4 11. Qb3 Qc7 12. Be3 e6 13. Na3 Rc6 14. Rac1 Ne7 15. Nc4 d5 16. Nb6 d4 17. Rxc6 Nxc6 18. Bd2 Bd6 19. h3 O-O 20. Nc4 Bh2+ 21. Kh1 b5 22. Rc1 Bf4 23. Qf3 Bxd2 24. Nxd2 Qd6 25. Qd3 Rd8 26. Kg1 h6 27. a3 Ne5 28. Qc2 d3 29. Qc3 h5 30. h4 Kh7 31. g3 Rd7 32. Kf1 f6 33. Qc5 Kg6 34. Qxd6 Rxd6 35. Ke1 Rd4 36. b3 Rd6 37. f4 Nc6 38. Rc3 e5 39. f5+ Kf7 40. Kf2 b4 41. axb4 Nxb4 42. Rc7+ Kg8 43. Rc4 Nc2 44. Rc8+ Kh7 45. Rc7 Kh6 46. Rc5 g6 47. Rd5 Rxd5 48. exd5 gxf5 49. d6 Nb4 50. d7 Nc6 51. Nc4 Kg6 52. Nd6 Nd8 53. Ke3 e4 54. Kd2 f4 55. Nxe4 f5 56. Nc3 fxg3 57. Kxd3 g2 58. Ne2 Kf6 59. Ke3 Ke7 60. Kf2 Ne6 61. Kxg2 Kxd7 62. Kf3 Kd6 63. Nf4 Nxf4 64. Kxf4 Ke6 65. Kg5 Ke5 66. Kxh5 f4 67. Kg4 Ke4 0-1

[Event "German Bundesliga 2021-22"]
[Site "Germany"]
[Date "2022.03.06"]
[Round "2.5"]
[White "Dragnev, Valentin"]
[Black "Fruebing, Stefan"]
[Result "1-0"]
[ECO "C65"]
[WhiteElo "2533"]
[BlackElo "2374"]
[Annotator "ChessBase"]
[PlyCount "95"]
[EventDate "2022.03.05"]
[EventType "team-tourn"]
[EventCountry "GER"]
[SourceTitle "playchess.com"]
[Source "ChessBase"]
[SourceQuality "1"]
[TimeControl "40/5400+30:1800+30"]

1. e4 e5 2. Nf3 Nc6 3. Bb5 Nf6 4. d3 Bc5 5. Bxc6 dxc6 6. O-O Qe7 7. Nbd2 Bg4 8. h3 Bh5 9. a3 a5 10. Nc4 Nd7 11. g4 Bg6 12. b4 Bb6 13. Rb1 axb4 14. axb4 O-O 15. Bg5 f6 16. Be3 Bf7 17. Nxb6 cxb6 18. Kh2 Ra4 19. Qd2 Be6 20. Rg1 b5 21. Nh4 Rf7 22. Nf5 Qf8 23. Rg3 g5 24. h4 Bxf5 25. gxf5 h6 26. Rbg1 Rh7 27. c3 Qf7 28. d4 Ra8 29. Kg2 Kf8 30. dxe5 Nxe5 31. Qd6+ Qe7 32. Bc5 Qxd6 33. Bxd6+ Kf7 34. hxg5 hxg5 35. Bxe5 fxe5 36. Rd1 Rh4 37. Rd7+ Kf6 38. Rgd3 g4 39. Kg3 Rah8 40. R3d6+ Kg5 41. Rg6+ Kh5 42. Rdg7 Rh3+ 43. Kg2 Rxc3 44. Rg5+ Kh4 45. Rxg4+ Kh5 46. f3 Rc1 47. Rg3 Rc2+ 48. Kh3 1-0

[Event "German Bundesliga 2021-22"]
[Site "Germany"]
[Date "2022.03.06"]
[Round "2.5"]
[White "Maze, Sebastien"]
[Black "Neef, Maximilian"]
[Result "1/2-1/2"]
[ECO "E71"]
[WhiteElo "2527"]
[BlackElo "2504"]
[Annotator "ChessBase"]
[PlyCount "98"]
[EventDate "2022.03.05"]
[EventType "team-tourn"]
[EventCountry "GER"]
[SourceTitle "playchess.com"]
[Source "ChessBase"]
[SourceQuality "1"]
[TimeControl "40/5400+30:1800+30"]

1. d4 Nf6 2. c4 g6 3. Nc3 Bg7 4. e4 d6 5. h3 O-O 6. Be3 Na6 7. g4 c5 8. Nge2 cxd4 9. Nxd4 b6 10. Bg2 Bb7 11. O-O Nc5 12. Qc2 Rc8 13. Rad1 Nfd7 14. b3 a6 15. a4 Ba8 16. Rd2 Re8 17. Rfd1 Qc7 18. f4 Qb8 19. Nde2 Nf6 20. Ng3 h6 21. Bf3 Bc6 22. Rf1 Qa8 23. Rdf2 Ncd7 24. Qd3 Nc5 25. Qc2 Ncd7 26. b4 b5 27. h4 Bb7 28. Be2 Rxc4 29. Bxc4 bxc4 30. Qe2 Nxe4 31. Ncxe4 Bxe4 32. Qxc4 Bd5 33. Qe2 Rc8 34. Rc1 Rxc1+ 35. Bxc1 Qc6 36. Bb2 Bxb2 37. Qxb2 Qxa4 38. Rc2 e5 39. g5 hxg5 40. fxg5 a5 41. Rd2 Nb6 42. bxa5 Qxa5 43. h5 Qa7 44. Rf2 Nc4 45. Qc3 Qe7 46. hxg6 Qxg5 47. gxf7+ Bxf7 48. Rxf7 Kxf7 49. Qxc4+ Kf6 1/2-1/2

[Event "German Bundesliga 2021-22"]
[Site "Germany"]
[Date "2022.03.06"]
[Round "2.6"]
[White "Maiwald, Jens-Uwe"]
[Black "Libiszewski, Fabien"]
[Result "0-1"]
[ECO "A48"]
[WhiteElo "2430"]
[BlackElo "2505"]
[Annotator "ChessBase"]
[PlyCount "74"]
[EventDate "2022.03.05"]
[EventType "team-tourn"]
[EventCountry "GER"]
[SourceTitle "playchess.com"]
[Source "ChessBase"]
[SourceQuality "1"]
[TimeControl "40/5400+30:1800+30"]

1. d4 Nf6 2. Nf3 g6 3. Bg5 Bg7 4. Nbd2 O-O 5. c3 d6 6. e4 c5 7. dxc5 dxc5 8. Bc4 Nc6 9. Qe2 Na5 10. e5 Nd5 11. Rd1 Be6 12. Bxd5 Bxd5 13. Ne4 f6 14. Bc1 b6 15. b3 f5 16. Neg5 Qd7 17. Nxh7 Kxh7 18. Ng5+ Kg8 19. c4 Bxc4 20. bxc4 Qa4 21. O-O Qxc4 22. Qf3 Bh6 23. Rd7 Rad8 24. e6 Rxd7 25. exd7 Rd8 26. Qg3 Bxg5 27. Qc7 Rxd7 28. Qxd7 Bxc1 29. Qe8+ Kg7 30. Qxe7+ Kh6 31. Qf8+ Kh5 32. Qh8+ Bh6 33. h3 Qd4 34. Qe8 Bg7 35. Re1 Nc4 36. Qe2+ Kh6 37. Rc1 Ne5 0-1

[Event "German Bundesliga 2021-22"]
[Site "Germany"]
[Date "2022.03.06"]
[Round "2.6"]
[White "Rietze, Clemens"]
[Black "Johansson, Linus"]
[Result "1-0"]
[ECO "D37"]
[WhiteElo "2279"]
[BlackElo "2473"]
[Annotator "ChessBase"]
[PlyCount "87"]
[EventDate "2022.03.05"]
[EventType "team-tourn"]
[EventCountry "GER"]
[SourceTitle "playchess.com"]
[Source "ChessBase"]
[SourceQuality "1"]
[TimeControl "40/5400+30:1800+30"]

1. d4 e6 2. c4 d5 3. Nf3 Nf6 4. Nc3 a6 5. c5 b6 6. cxb6 cxb6 7. Bf4 Bd6 8. e3 Bxf4 9. exf4 O-O 10. Bd3 b5 11. O-O Nc6 12. a4 b4 13. Na2 Qd6 14. Ne5 Bd7 15. Nc1 Na5 16. Nb3 Nxb3 17. Qxb3 a5 18. Rfc1 Rfc8 19. Bb5 g6 20. Qd3 Rc7 21. Bxd7 Nxd7 22. Qb5 Nxe5 23. fxe5 Qd8 24. Rc5 Rxc5 25. dxc5 Qc7 26. c6 Rb8 27. Rc1 f6 28. h4 fxe5 29. Rc5 Ra8 30. Qb7 Ra7 31. Qb5 Kf7 32. h5 Kf6 33. Rc1 Ra8 34. Qc5 Kg7 35. Qe3 Ra6 36. Qc5 gxh5 37. Qb5 Ra8 38. Qe2 Kg6 39. Qb5 Kf6 40. Qe2 h4 41. Qh5 Ra6 42. Qh6+ Ke7 43. Qg7+ Kd6 44. Qf8+ 1-0

[Event "German Bundesliga 2021-22"]
[Site "Germany"]
[Date "2022.03.06"]
[Round "2.7"]
[White "Lokander, Martin"]
[Black "Dimitrijeski, Kristian"]
[Result "1-0"]
[ECO "D94"]
[WhiteElo "2473"]
[BlackElo "2137"]
[Annotator "ChessBase"]
[PlyCount "71"]
[EventDate "2022.03.05"]
[EventType "team-tourn"]
[EventCountry "GER"]
[SourceTitle "playchess.com"]
[Source "ChessBase"]
[SourceQuality "1"]
[TimeControl "40/5400+30:1800+30"]

1. d4 d5 2. c4 c6 3. Nc3 Nf6 4. Nf3 a6 5. e3 g6 6. Be2 Bg7 7. O-O O-O 8. a4 a5 9. b3 Re8 10. Ba3 Bf5 11. cxd5 Nxd5 12. Nxd5 cxd5 13. Bb5 Bd7 14. Qe2 Nc6 15. Rac1 Rc8 16. Bc5 e6 17. h3 Nb8 18. Ne5 Bxe5 19. dxe5 Bc6 20. Bd3 Nd7 21. Bd4 Qe7 22. Qd2 Ra8 23. Rc2 f6 24. exf6 Nxf6 25. Bc3 Qd8 26. f4 Ne4 27. Bxe4 dxe4 28. Qe1 Qd3 29. Rc1 Bd5 30. Bd4 Rac8 31. Qh4 e5 32. Rxc8 Rxc8 33. Bxe5 Qxe3+ 34. Kh2 Qc5 35. f5 Bf7 36. Qf6 1-0

[Event "German Bundesliga 2021-22"]
[Site "Germany"]
[Date "2022.03.06"]
[Round "2.7"]
[White "Beikert, Guenther"]
[Black "Moehn, Hans"]
[Result "1/2-1/2"]
[ECO "C10"]
[WhiteElo "2369"]
[BlackElo "2360"]
[Annotator "NA"]
[PlyCount "41"]
[EventDate "2022.03.05"]
[EventType "team-tourn"]
[EventCountry "GER"]
[SourceTitle "playchess.com"]
[Source "ChessBase"]
[SourceQuality "1"]
[TimeControl "40/5400+30:1800+30"]

1. e4 e6 2. d4 d5 3. Nc3 dxe4 4. Nxe4 Bd7 5. Nf3 Bc6 6. Bd3 Nd7 7. O-O Ngf6 8. Ned2 Be7 9. Re1 O-O 10. a4 a5 11. c3 b6 12. Qe2 Qc8 13. Ne4 Qb7 14. Bg5 Rfe8 15. Bxf6 Nxf6 16. Nxf6+ Bxf6 17. Be4 Bxe4 18. Qxe4 Qxe4 19. Rxe4 Red8 20. Kf1 Rd5 21. Ng1 1/2-1/2

[Event "German Bundesliga 2021-22"]
[Site "Germany"]
[Date "2022.03.06"]
[Round "2.8"]
[White "Koellner, Ruben Gideon"]
[Black "Markgraf, Alexander"]
[Result "0-1"]
[ECO "A80"]
[WhiteElo "2441"]
[BlackElo "2482"]
[Annotator "ChessBase"]
[PlyCount "120"]
[EventDate "2022.03.05"]
[EventType "team-tourn"]
[EventCountry "GER"]
[SourceTitle "playchess.com"]
[Source "ChessBase"]
[SourceQuality "1"]
[TimeControl "40/5400+30:1800+30"]

1. d4 f5 2. Nc3 Nf6 3. Bg5 d5 4. Bxf6 exf6 5. e3 Be6 6. Bd3 Nc6 7. Qf3 Qd7 8. a3 O-O-O 9. Nge2 Ne7 10. O-O-O Kb8 11. h4 h5 12. Kb1 Nc8 13. Nf4 Bf7 14. Rc1 g6 15. Ka1 Ka8 16. Rhd1 a6 17. Qe2 g5 18. Nh3 Rg8 19. Nb1 Nd6 20. Nd2 b5 21. b3 Rb8 22. Ka2 Nc4 23. Nb1 Nd6 24. Qe1 Qc6 25. Rd2 Be7 26. Re2 Qb6 27. f3 c5 28. dxc5 Qxc5 29. Qc3 Qxc3 30. Nxc3 Rbc8 31. Kb2 Rge8 32. Rd2 Kb7 33. Bf1 Rc5 34. Nf2 Rec8 35. Ne2 Bf8 36. Nd4 gxh4 37. Nd3 R5c7 38. Nf4 Re8 39. Nde2 Rxe3 40. Nxd5 Bxd5 41. Rxd5 h3 42. gxh3 Rxf3 43. Rxb5+ Nxb5 44. Bg2 Bxa3+ 45. Kb1 Bxc1 46. Bxf3+ Kb6 47. Kxc1 h4 48. Kd2 Kc5 49. c3 a5 50. Nf4 Kd6 51. Ne2 Ke5 52. Kd3 Rd7+ 53. Kc2 Rd6 54. Bb7 Na3+ 55. Kb2 Rd2+ 56. Kxa3 Rxe2 57. Ka4 Ra2+ 58. Kb5 Ra3 59. b4 axb4 60. cxb4 Rxh3 0-1

[Event "German Bundesliga 2021-22"]
[Site "Germany"]
[Date "2022.03.06"]
[Round "2.8"]
[White "Richter, Philipp"]
[Black "Heinemann, Josefine"]
[Result "0-1"]
[ECO "D42"]
[WhiteElo "2225"]
[BlackElo "2290"]
[Annotator "NA"]
[PlyCount "94"]
[EventDate "2022.03.05"]
[EventType "team-tourn"]
[EventCountry "GER"]
[SourceTitle "playchess.com"]
[Source "ChessBase"]
[SourceQuality "1"]
[TimeControl "40/5400+30:1800+30"]

1. d4 Nf6 2. c4 e6 3. Nf3 d5 4. Nc3 c5 5. cxd5 Nxd5 6. e3 Nc6 7. Bd3 Be7 8. O-O O-O 9. a3 cxd4 10. exd4 Bf6 11. Be4 Nce7 12. Qd3 h6 13. Ne5 Nxc3 14. Qxc3 Nf5 15. Be3 Nxe3 16. fxe3 Rb8 17. Rac1 Bxe5 18. dxe5 b6 19. Qc7 Ba6 20. Qxd8 Rfxd8 21. Rfd1 Rxd1+ 22. Rxd1 Bb7 23. Bf3 Bxf3 24. gxf3 Rc8 25. Rd2 g5 26. f4 gxf4 27. exf4 Rc4 28. Rf2 Kg7 29. Kg2 Kg6 30. f5+ exf5 31. Rd2 Re4 32. Rd7 Rxe5 33. b4 a5 34. Rb7 Re6 35. bxa5 bxa5 36. Rb5 a4 37. Ra5 Re4 38. Kf2 Rc4 39. Kg2 h5 40. Kf2 f6 41. Kg2 Kg5 42. Ra8 f4 43. Ra5+ f5 44. Ra8 f3+ 45. Kg3 h4+ 46. Kh3 Kf4 47. Rb8 Rc1 0-1

[Event "German Bundesliga 2021-22"]
[Site "Germany"]
[Date "2022.03.06"]
[Round "2.8"]
[White "Acikel, Mert"]
[Black "Fedorovsky, Michael"]
[Result "0-1"]
[ECO "B11"]
[WhiteElo "2177"]
[BlackElo "2396"]
[Annotator "NA"]
[PlyCount "90"]
[EventDate "2022.03.05"]
[EventType "team-tourn"]
[EventCountry "GER"]
[SourceTitle "playchess.com"]
[Source "ChessBase"]
[SourceQuality "1"]
[TimeControl "40/5400+30:1800+30"]

1. e4 c6 2. Nc3 d5 3. Nf3 dxe4 4. Nxe4 Nf6 5. Qe2 Nxe4 6. Qxe4 Qd5 7. Qh4 Bf5 8. Bc4 Qd6 9. c3 Bd3 10. Bxd3 Qxd3 11. Ne5 Qd5 12. d4 Qxg2 13. Rf1 Nd7 14. Nxd7 Kxd7 15. Be3 Qd5 16. O-O-O e6 17. Kb1 Be7 18. Qf4 Qf5+ 19. Qxf5 exf5 20. d5 g6 21. Rd2 Rhd8 22. d6 Bf6 23. c4 Re8 24. Rd3 Re4 25. Rb3 b6 26. c5 f4 27. Bd2 bxc5 28. Rb7+ Kxd6 29. Rd1 Ke6 30. Rc7 Bd4 31. Rxc6+ Kd7 32. Ra6 Re6 33. Ra4 Kc6 34. Rc1 Kd5 35. Rd1 Kc6 36. b4 cxb4 37. Rxb4 Be5 38. Rc4+ Kb5 39. Rb4+ Kc6 40. Rc4+ Kb5 41. Rb4+ Ka6 42. Ra4+ Kb7 43. Ba5 Rb8 44. Bb4 Ra6 45. Rd7+ Kc8 0-1

[Event "German Bundesliga 2021-22"]
[Site "Germany"]
[Date "2022.03.06"]
[Round "2.12"]
[White "Gumularz, Szymon"]
[Black "Horvath, Dominik"]
[Result "1-0"]
[ECO "D45"]
[WhiteElo "2539"]
[BlackElo "2483"]
[Annotator "ChessBase"]
[PlyCount "107"]
[EventDate "2022.03.05"]
[EventType "team-tourn"]
[EventCountry "GER"]
[SourceTitle "playchess.com"]
[Source "ChessBase"]
[SourceQuality "1"]
[TimeControl "40/5400+30:1800+30"]

1. c4 e6 2. Nc3 d5 3. d4 c6 4. e3 Nf6 5. Nf3 Nbd7 6. Be2 dxc4 7. a4 Qa5 8. Bxc4 b5 9. Bd3 b4 10. Ne4 Ba6 11. Nxf6+ Nxf6 12. Bxa6 Qxa6 13. Qe2 Qxe2+ 14. Kxe2 a5 15. b3 c5 16. Bb2 Ne4 17. Rac1 Be7 18. Rhd1 O-O 19. Ne5 Rfc8 20. f3 Nf6 21. dxc5 Bxc5 22. Rc4 Rc7 23. Rdc1 Rac8 24. Bd4 Bd6 25. Bb6 Rxc4 26. Rxc4 Rb8 27. Bc7 Bxc7 28. Rxc7 Nd5 29. Rxf7 Rc8 30. Kd2 h5 31. Rd7 Nc3 32. e4 Nb1+ 33. Ke3 Rc3+ 34. Rd3 Rc2 35. Rd1 Rb2 36. Kf4 Nc3 37. Rd8+ Kh7 38. g3 Rxh2 39. Nf7 Rg2 40. Rh8+ Kg6 41. Ne5+ Kf6 42. Rf8+ Ke7 43. Rf7+ Ke8 44. Rxg7 h4 45. g4 h3 46. Rh7 h2 47. Kg5 Rf2 48. Kg6 Ne2 49. Kf6 Kd8 50. g5 Ng3 51. Kxe6 h1=Q 52. Rxh1 Nxh1 53. g6 Rg2 54. Ng4 1-0

[Event "German Bundesliga 2021-22"]
[Site "Germany"]
[Date "2022.03.06"]
[Round "2.13"]
[White "Andersen, Mads"]
[Black "Lipok, Christoph"]
[Result "1-0"]
[ECO "C50"]
[WhiteElo "2570"]
[BlackElo "2271"]
[Annotator "ChessBase"]
[PlyCount "61"]
[EventDate "2022.03.05"]
[EventType "team-tourn"]
[EventCountry "GER"]
[SourceTitle "playchess.com"]
[Source "ChessBase"]
[SourceQuality "1"]
[TimeControl "40/5400+30:1800+30"]

1. e4 e5 2. Nf3 Nc6 3. Bc4 Nf6 4. d3 Bc5 5. c3 d6 6. O-O h6 7. Re1 a5 8. Bb3 O-O 9. h3 Be6 10. Bc2 Ba7 11. d4 exd4 12. Nxd4 Bd7 13. Be3 Re8 14. Nd2 Nxd4 15. cxd4 Bb5 16. a4 Ba6 17. Ra3 c5 18. dxc5 Bxc5 19. Bxc5 dxc5 20. e5 Nd5 21. Rg3 Nf4 22. Qg4 Nh5 23. Qxh5 Qxd2 24. Re4 Qxc2 25. Qxh6 Qd1+ 26. Kh2 g6 27. Rxg6+ fxg6 28. Qxg6+ Kf8 29. Rf4+ Ke7 30. Rf7+ Kd8 31. Qb6+ 1-0

[Event "German Bundesliga 2021-22"]
[Site "Germany"]
[Date "2022.03.06"]
[Round "2.15"]
[White "Handke, Florian"]
[Black "Mueller, Werner"]
[Result "1-0"]
[ECO "B50"]
[WhiteElo "2539"]
[BlackElo "2218"]
[Annotator "ChessBase"]
[PlyCount "55"]
[EventDate "2022.03.05"]
[EventType "team-tourn"]
[EventCountry "GER"]
[SourceTitle "playchess.com"]
[Source "ChessBase"]
[SourceQuality "1"]
[TimeControl "40/5400+30:1800+30"]

1. e4 c5 2. Nf3 d6 3. c3 Nf6 4. Bd3 g6 5. O-O Bg7 6. Re1 Nc6 7. Bb5 O-O 8. h3 a6 9. Bxc6 bxc6 10. d3 Qc7 11. Nbd2 a5 12. e5 Nd5 13. Ne4 dxe5 14. Nxc5 Nf4 15. Bxf4 exf4 16. d4 Re8 17. Ne5 Rb8 18. Ned3 g5 19. Qh5 h6 20. h4 gxh4 21. Ne5 Rf8 22. b3 Rb5 23. a4 Rxc5 24. dxc5 Be6 25. Rad1 Kh7 26. Rd4 h3 27. Rxf4 Rg8 28. Rxf7 1-0

[Event "German Bundesliga 2021-22"]
[Site "Germany"]
[Date "2022.03.16"]
[Round "2.15"]
[White "Heinemann, Thies"]
[Black "Meessen, Rudolf"]
[Result "1-0"]
[ECO "C41"]
[WhiteElo "2495"]
[BlackElo "2239"]
[Annotator "ChessBase"]
[PlyCount "59"]
[EventDate "2022.03.05"]
[EventType "team-tourn"]
[EventCountry "GER"]
[TimeControl "40/5400+30:1800+30"]

1. e4 d6 2. d4 Nf6 3. Nc3 e5 4. Nf3 exd4 5. Nxd4 Be7 6. g3 O-O 7. Bg2 Re8 8. O-O Bf8 9. h3 Nbd7 10. Re1 c6 11. Bf4 Ne5 12. Rb1 b5 13. Nxc6 Nxc6 14. e5 dxe5 15. Qxd8 Nxd8 16. Bxa8 exf4 17. Rxe8 Nxe8 18. Rd1 Nd6 19. Nxb5 N6b7 20. Nxa7 Bxh3 21. Nc6 Nxc6 22. Bxb7 Bg4 23. Rd5 Ne7 24. Rd8 fxg3 25. a4 f5 26. a5 Be2 27. fxg3 Bb5 28. a6 Bc6 29. b4 Kf7 30. b5 1-0